 Dungeon Crawl Stone Soup version 0.29-a0-892-g2c4c91d9db (webtiles) character file.

Game seed: 12485302570757773411

277 Tyranthos the Trooper (level 6, -5/53 HPs)
             Began as a Minotaur Abyssal Knight on July 22, 2022.
             Was a Priest of Lugonu.
             Killed from afar by a steam dragon (9 damage)
             ... with a ball of steam
             ... on level 4 of the Dungeon.
             The game lasted 00:08:53 (2976 turns).

Tyranthos the Trooper (Minotaur Abyssal Knight)     Turns: 2976, Time: 00:08:53

Health: -5/53      AC: 10    Str: 18    XL:     6   Next: 4%
Magic:  5/6        EV:  7    Int:  9    God:    Lugonu [***...]
Gold:   198        SH:  0    Dex: 10    Spells: 5/5 levels left

rFire   . . .      SeeInvis +   m - +3 war axe "Ranli" {vorpal, SInv Stlth+}
rCold   . . .      Faith    .   (no shield)
rNeg    . . .      Spirit   .   e - +0 chain mail
rPois   .          Reflect  .   (helmet restricted)
rElec   .          Harm     .   j - +0 cloak
rCorr   .          Rampage  .   (no gloves)
Will    .....                   (no boots)
Stlth   ..........              (no amulet)
HPRegen 0.17/turn               (no ring)
MPRegen 0.10/turn               (no ring)

@: no status effects
A: horns 2, retaliatory headbutt
a: Renounce Religion, Depart the Abyss, Bend Space, Banish


You were on level 4 of the Dungeon.
You worshipped Lugonu.
Lugonu was most pleased with you.
You visited 1 branch of the dungeon, and saw 4 of its levels.
You visited the Abyss 1 time.

You collected 198 gold pieces.

Inventory:

Hand Weapons
 a - a +1 falchion
 h - a +4 quarterstaff of chaos
 k - a +0 hammer
 m - the +3 war axe "Ranli" (weapon) {vorpal, SInv Stlth+}
   (You found it on level 3 of the Dungeon)

   It inflicts extra damage upon your enemies.
   SInv:      It lets you see invisible.
   Stlth:     It makes you more stealthy.
Armour
 b - a +0 leather armour
 e - a +0 chain mail (worn)
 j - a +0 cloak (worn)
 l - the +1 robe of the Sun {Rampage rElec rCorr}
   (You found it on level 3 of the Dungeon)

   rElec:     It insulates you from electricity.
   rCorr:     It protects you from acid and corrosion.
   Rampage:   It bestows one free step when moving towards enemies.
Scrolls
 n - a scroll of vulnerability {unknown}
 o - a scroll of teleportation
 p - a scroll of torment {unknown}
Potions
 c - 2 potions of curing {unknown}
 d - a potion of magic {unknown}
 f - a potion of haste {unknown}
 g - 2 potions of brilliance {unknown}
 i - a potion of might {unknown}


   Skills:
 + Level 4.7 Fighting
 + Level 4.5 Long Blades
 + Level 2.1(2.2) Axes
 + Level 1.0(1.9) Maces & Flails
 * Level 0.8(1.1) Staves
 * Level 3.7 Armour
 * Level 2.4 Dodging
 * Level 2.4 Invocations


You had 5 spell levels left.
You didn't know any spells.
Your spell library contained the following spells:

 Spells                   Type           Power      Damage    Failure   Level
 Freeze                   Ice            0%         1d3       99%         1
 Frozen Ramparts          Ice            0%         1d2       100%        3
 Ignite Poison            Fire/Tmut/Pois 0%         N/A       100%        3
 Mephitic Cloud           Conj/Pois/Air  0%         N/A       100%        3
 Hailstorm                Conj/Ice       0%         3d3       100%        4
 Freezing Cloud           Conj/Ice/Air   0%         6-21      100%        5


Dungeon Overview and Level Annotations

Branches:
Dungeon (4/15)
 Temple: D:4-7

Altars:
Qazlal

Shops:
D:1 =   D:3 :


Innate Abilities, Weirdness & Mutations

You have a pair of horns on your head.
You reflexively headbutt those who attack you in melee.


Message History

A steam dragon comes into view.
The orc wizard hits you but does no damage.
The orc hits you but does no damage. The worm bites you.
The steam dragon hisses angrily.
The orc hits you but does no damage.
The orc wizard hits you but does no damage.
The worm bites you. The steam dragon breathes steam at you.
The ball of steam hits the orc wizard!
The orc wizard dies!
The ball of steam hits you! The orc hits you but does no damage.
The orc priest mumbles some strange prayers to Beogh against you.
You barely resist. The orc hits you with a +0 whip.
You are engulfed in a cloud of scalding steam.
The orc hits you but does no damage. x2; The orc closely misses you.
You are engulfed in a cloud of scalding steam.
You feel less confused. The worm bites you.
* * * LOW HITPOINT WARNING * * *
The orc barely misses you. The orc hits you with a +0 short sword.
* * * LOW HITPOINT WARNING * * *
The orc priest is engulfed in a cloud of scalding steam.
The orc priest hits you but does no damage.
The orc hits you but does no damage.
Unknown command.
You don't know any spells.
You don't know any spells.
You fail to use your ability.
The orc hits you but does no damage.
The orc priest is engulfed in a cloud of scalding steam.
The orc priest dies!
The orc is engulfed in a cloud of scalding steam.
The orc dies!
The worm is engulfed in a cloud of scalding steam.
The worm bites you!
* * * LOW HITPOINT WARNING * * *
The orc hits you but does no damage. x2
Space bends violently around you!
You blink.
The steam dragon breathes steam at you. The ball of steam hits you!
You die...

#.....# ..
##.....##. .
####......>..##..
#....#?.......... .
#....#..........
..##..........?#
...........)..#
..........<@.###.
#.....ow..D........
#...o§)§§........
##..#.o......#.##
#.. ##..........#
#.. ####.#..#...
#.. ######### .. .


You could see a steam dragon (catching breath), a worm and 2 orcs.

Vanquished Creatures
  2 hounds
  Crazy Yiuf (D:2)
  2 orc wizards (D:3)
  6 adders
  A dart slug (D:2)
  A worm (D:2)
  13 orcs
  4 bats
  4 endoplasms
  6 goblins
  6 hobgoblins
  8 kobolds
  2 quokkas
  7 ball pythons
  4 frilled lizards
  5 rats
72 creatures vanquished.

Vanquished Creatures (others)
  An orc priest (D:4)
  An orc wizard (D:4)
  An orc (D:4)
3 creatures vanquished.

Grand Total: 75 creatures vanquished

Notes
Turn   | Place    | Note
-------+----------+-------------------------------------------
     0 | Abyss:1  | Tyranthos the Minotaur Abyssal Knight began the quest for
                  | the Orb.
     0 | Abyss:1  | Reached XP level 1. HP: 19/19 MP: 1/1
    53 | Abyss:2  | Noticed a worldbinder
    54 | D:1      | Escaped the Abyss
   230 | D:1      | Reached XP level 2. HP: 27/27 MP: 2/2
   408 | D:1      | Found a faded altar of an unknown god.
   479 | D:1      | Found Koggexub's Jewellery Shoppe.
  1009 | D:2      | Found a stormy altar of Qazlal.
  1072 | D:2      | Reached XP level 3. HP: 29/33 MP: 3/3
  1316 | D:2      | Reached XP level 4. HP: 36/41 MP: 4/4
  1811 | D:2      | Found a runed translucent door.
  1812 | D:2      | Noticed Crazy Yiuf
  2004 | D:2      | Killed Crazy Yiuf
  2045 | D:3      | Identified the +1 robe of the Sun {Rampage rElec rCorr}
  2089 | D:3      | Identified the +3 war axe "Ranli" {vorpal, SInv Stlth+}
  2138 | D:3      | Reached XP level 5. HP: 41/47 MP: 5/5
  2139 | D:3      | Reached *** piety under Lugonu
  2180 | D:3      | Found Digranna's Book Emporium.
  2185 | D:3      | Reached skill level 1 in Maces & Flails
  2196 | D:3      | Reached skill level 1 in Axes
  2962 | D:4      | Reached XP level 6. HP: 53/53 MP: 6/6
  2970 | D:4      | Noticed a steam dragon
  2976 | D:4      | Killed from afar by a steam dragon

Illustrated notes

Levels and vault maps discovered:
D:1:      lightli_arrival_flooded_house, layout_loops_ring,
          hellmonk_ecumenical_altar_blasted, serial_shops, nicolae_shop_crystal
D:2:      layout_loops_ring, basic_altar, uniq_crazy_yiuf_cottage
D:3:      layout_basic, serial_shops, shop_statue, grunt_decor_clamped
D:4:      layout_cave_pools, lightli_temple_of_fire, grunt_ministairs_9,
          minmay_bent

Skill      XL: |  1  2  3  4  5 |
---------------+----------------+-----
Invocations    | 2 |  2.4
Fighting       | 4 |  4.7
Long Blades    | 3 4 |  4.5
Armour         | 3 |  3.7
Maces & Flails | 1 |  1.0
Dodging        | 2 |  2.4
Axes           | 2 |  2.1
Staves         | |  0.8

Action                   |  1- 3 |  4- 6 || total
-------------------------+-------+-------++-------
Melee: Falchion          |    57 |    30 ||    87
       Headbutt          |     9 |    10 ||    19
       Quarterstaff      |       |     6 ||     6
       War axe           |       |    47 ||    47
Throw: Throwing net      |       |     1 ||     1
Invok: Depart the Abyss  |     1 |       ||     1
       Bend Space        |       |     1 ||     1
  Use: Scroll            |     2 |     2 ||     4
Armor: Chain mail        |    17 |    77 ||    94
       Leather armour    |     2 |       ||     2
Dodge: Dodged            |    28 |    38 ||    66

Table legend: (Time is in decaauts)
 A = Elapsed time spent in this place.
 B = Non-inter-level travel time spent in this place.
 C = Inter-level travel time spent in this place.
 D = Time resting spent in this place.
 E = Time spent auto-exploring this place.
 F = Levels seen in this place.
 G = Mean time per level.
                   A        B        C        D        E       F      G
               +--------+--------+--------+--------+--------+-----+--------+
         Total |   3008 |   2927 |     81 |      0 |   2496 |   6 |  501.3 |
       Dungeon |   2954 |   2873 |     81 |      0 |   2454 |   4 |  738.5 |
         Abyss |     53 |     53 |      0 |      0 |     42 |   2 |   26.5 |
               +--------+--------+--------+--------+--------+-----+--------+

Top non-repeatable levels by time:
     D:2: 1042 daAuts
     D:1: 958 daAuts
     D:3: 930 daAuts
 Abyss:2: 27 daAuts
 Abyss:1: 26 daAuts
     D:4: 22 daAuts
